 Dungeon Crawl Stone Soup version 0.30.0-29-ga12c61a403 (webtiles) character file.

Game seed: 13247778559367126506

28959 Graphine the Swashbuckler (level 13, -16/111 HPs)
             Began as a Merfolk Gladiator on June 23, 2023.
             Was an Initiate of Gozag.
             Demolished by an acid blob (27 damage)
             ... on level 4 of the Lair of Beasts.
             The game lasted 00:41:10 (16676 turns).

Graphine the Swashbuckler (Merfolk Gladiator)      Turns: 16676, Time: 00:41:12

Health: -16/111    AC: -5    Str: 15    XL:     13   Next: 42%
Magic:  13/13      EV: 28    Int:  7    God:    Gozag
Gold:   1450       SH: 13    Dex: 20    Spells: 12/12 levels left

rFire   . . .        j - +2 dagger (venom)
rCold   . . .        q - +2 buckler
rNeg    . . .        b - +0 leather armour
rPois   +            c - +0 helmet
rElec   .            s - +0 cloak
rCorr   .            L - +0 pair of gloves
SInv    .            f - +0 pair of boots
Will    .....        C - amulet of reflection
Stlth   +            n - ring of poison resistance
HPRegen 0.38/turn    R - +5 ring of evasion
MPRegen 0.13/turn

%: reflection
@: corroded, invisible
A: (nimble swimmer 2), mertail
a: Renounce Religion, Potion Petition, Call Merchant, Bribe Branch


You were on level 4 of the Lair of Beasts.
You worshipped Gozag.
Gozag was most pleased with you.
You visited 3 branches of the dungeon, and saw 15 of its levels.
You also visited: Ossuary.

You collected 3247 gold pieces.
You spent 300 gold pieces at shops.
You paid 1497 gold pieces to Gozag.

Inventory:

Hand Weapons
 j - a +2 dagger of venom (weapon)
 D - a +2 double sword of freezing
 X - a +0 dagger of electrocution
 Y - a +1 dagger of draining
 Z - a +1 dagger of flaming
Missiles
 e - 4 javelins
 y - 2 boomerangs (quivered)
 N - 4 curare-tipped darts
 S - 4 throwing nets
Armour
 b - a +0 leather armour (worn)
 c - a +0 helmet (worn)
 f - a +0 pair of boots (worn)
 q - a +2 buckler (worn)
 s - a +0 cloak (worn)
 L - a +0 pair of gloves (worn)
Magical Staves
 u - a staff of poison
Jewellery
 h - a ring of wizardry
 i - a ring of see invisible
 n - a ring of poison resistance (left hand)
 r - an amulet of guardian spirit
 B - a ring of ice
 C - an amulet of reflection (around neck)
 J - a ring of fire
 R - a +5 ring of evasion (right hand)
Wands
 g - a wand of polymorph (7)
 O - a wand of digging (16)
 T - a wand of flame (17)
 U - a wand of iceblast (9)
Scrolls
 d - 6 scrolls of magic mapping
 p - 6 scrolls of teleportation
 z - a scroll of vulnerability
 E - 2 scrolls of silence
 G - 3 scrolls of blinking
 I - 4 scrolls of fear
 M - a scroll of amnesia
 V - 3 scrolls of identify
Potions
 a - 2 potions of brilliance {unknown}
 k - 4 potions of attraction
 l - a potion of curing
 m - 3 potions of flight
 o - 4 potions of berserk rage
 v - a potion of ambrosia
 w - 5 potions of haste
 x - a potion of lignification
 A - a potion of heal wounds
 F - a potion of invisibility
 H - 2 potions of mutation
 P - 2 potions of magic {unknown}


   Skills:
 * Level 13.4 Fighting
 * Level 17.6(17.8) Short Blades
 - Level 4.1(12.2) Long Blades
 - Level 6.0 Throwing
 * Level 16.0 Dodging
 - Level 6.0 Shields


You had 12 spell levels left.
You didn't know any spells.
Your spell library contained the following spells:

 Spells                   Type           Power      Damage    Failure   Level
 Shock                    Conj/Air       0%         1d3       58%         1
 Blink                    Tloc           0%         N/A       73%         2
 Cigotuvi's Dreadful Rot  Necr/Pois/Air  0%         N/A       73%         2
 Lesser Beckoning         Tloc           0%         N/A       73%         2
 Momentum Strike          Conj/Tloc      0%         3d8       73%         2
 Sublimation of Blood     Necr           0%         N/A       73%         2
 Wereblood                Tmut           0%         N/A       73%         2
 Ignite Poison            Fire/Tmut/Pois 0%         N/A       91%         3
 Swiftness                Air            0%         N/A       91%         3
 Airstrike                Air            0%         2d(0-16)  100%        4
 Leda's Liquefaction      Hex/Erth       0%         N/A       100%        4
 Freezing Cloud           Conj/Ice/Air   0%         6-21      100%        5
 Lee's Rapid Deconstruct  Erth           0%         3d4*      100%        5
 Statue Form              Tmut/Erth      0%         N/A       100%        6
 Summon Hydra             Summ           0%         N/A       100%        7


Dungeon Overview and Level Annotations

Branches:
Dungeon (10/15)            Temple (1/1) D:5            Lair (4/5) D:9
  Swamp (0/4) Lair:3        Snake (0/4) Lair:3        Slime (0/5) Lair:4
Ossuary (visited)
    Orc: D:9-12

Altars:
Ashenzari
Cheibriados
Dithmenos
Elyvilon
Fedhas
Gozag
Hepliaklqana
Kikubaaqudgha
Makhleb
Nemelex Xobeh
Okawaru
Ru
Sif Muna
Trog
Uskayaw
Vehumet
Wu Jian
Xom
Yredelemnul
Zin
The Shining One
Jiyva

Shops:
D:2 ?   D:9 (   Lair:3 (

Annotations:
D:10 1 runed translucent door, Sensen's ghost, journeyman DjCA
Lair:2 3 runed translucent doors, disskorpion's ghost, novice TrFi


Innate Abilities, Weirdness & Mutations

((You are very nimble when in or above water. (Stealth+, EV+, Speed+++)))
Your lower body shifts to a powerful aquatic tail in water.


Message History

The acid blob spits acid at you. The splash of acid hits you!!
The acid blob spits acid at you. The splash of acid hits you!!
The acid corrodes you! The acid blob spits acid at you.
The splash of acid hits you!!
You close the door.
You hear a slurping noise.
The acid blob eats the door!
You fade into invisibility!
The acid blob barely misses you. The acid blob spits acid at you.
The splash of acid hits you!
* * * LOW HITPOINT WARNING * * *
The acid corrodes you! The acid blob closely misses you.
Okay, then.
Your +2 double sword of freezing stops glowing.
Your +2 dagger of venom begins to drip with poison!
j - a +2 dagger of venom (weapon)
Okay, then.
You feel better. You block the acid blob's attack.
The acid blob completely misses you.
You hit the acid blob but do no damage.
Your hands burn!
You hit the acid blob but do no damage.
The acid blob is poisoned.
The acid corrodes you!
Your hands burn!
* * * LOW HITPOINT WARNING * * *
The acid blob spits acid at you. The splash of acid misses you.
Okay, then.
Okay, then.
You hit the acid blob but do no damage.
Your hands burn!
* * * LOW HITPOINT WARNING * * *
You feel much better. The acid blob hits you!!
* * * LOW HITPOINT WARNING * * *
You are splashed with acid.
* * * LOW HITPOINT WARNING * * *
The acid blob hits you!!
You die...
Your body crumbles into a pile of gold.

#..###..#####...###~~##...
#..#....#.#.....###~~###..
#.###.............#~####..
#.# #.....####~#.##~#.#)..
##.###.......##~#.#~~#..#..
#...######...##~###~~#<#...
##..##...#..##~~# #~~####..
#P...#>.JJ...#~~# ##~~#~#..
##.#.#...#@..#~~####~~#~#..
#....#####...#~##~###~~~#..
##...........#~##~# #~~~#..
##P..........#~##~# #~~##..
#P...#....##.#~##~# #~##...
##...###..##.#~#~~###~##...
#.........#.#~#~#~~~~##...
#........#..#~#~#~~~~###..
#....#...##.##~~#~#~## #..


You could see 2 acid blobs.

Vanquished Creatures
  2 hydras (Lair:4)
  A ghost crab (Lair:3)
  A skyshark (Lair:4)
  A spectral death yak (Lair:3)
  A cyclops (D:9)
  20 elephants
  4 black mambas
  8 cane toads
  5 rime drakes
  3 komodo dragons
  2 trolls (D:9)
  Grinder (D:3)
  2 hornets
  Sigmund (D:3)
  A spectral black mamba (Lair:3)
  5 basilisks
  25 yaks
  4 wyverns
  A steam dragon (Lair:2)
  4 nagas (Lair:3)
  6 water moccasins
  An ice beast (D:6)
  A spectral blink frog (Lair:3)
  2 orc warriors
  A sky beast (D:7)
  An ogre (D:6)
  A spectral torpor snail (Lair:3)
  17 wolves
  A phantom (D:7)
  A centaur (D:7)
  A kobold brigand (D:9)
  15 bullfrogs
  A scorpion (D:4)
  2 cane toad simulacra (Lair:4)
  5 water moccasin zombies (Ossuary)
  5 wights (D:4)
  22 killer bees
  An electric eel (D:9)
  A howler monkey (D:8)
  6 hounds
  7 orc priests
  An iguana (D:5)
  Jessica (D:3)
  A gnoll bouda (D:8)
  11 orc wizards
  2 mummies (Ossuary)
  13 gnolls
  5 adders
  A white imp (D:8)
  An ufetubus (D:4)
  6 adder zombies (Ossuary)
  A worm (D:5)
  2 dart slugs
  31 orcs
  6 endoplasms
  3 giant cockroaches
  6 goblins
  9 hobgoblins
  5 jackals
  9 kobolds
  4 quokkas
  2 ball pythons
  3 bats (D:1)
  3 frilled lizards (D:1)
  4 gnoll zombies (Ossuary)
  6 hobgoblin zombies (Ossuary)
  3 kobold zombies (Ossuary)
  4 orc zombies (Ossuary)
  2 rats
335 creatures vanquished.

Notes
Turn   | Place    | Note
-------+----------+-------------------------------------------
     0 | D:1      | Graphine the Merfolk Gladiator began the quest for the Orb.
     0 | D:1      | Reached XP level 1. HP: 16/16 MP: 1/1
   113 | D:1      | Reached XP level 2. HP: 23/23 MP: 2/2
   792 | D:1      | Reached XP level 3. HP: 21/28 MP: 3/3
   897 | D:1      | Identified a scroll of acquirement
   897 | D:1      | Acquired a manual of Short Blades
  1137 | D:2      | Found Vulurran's Magic Scroll Shop.
  1229 | D:2      | Reached skill level 1 in Short Blades
  1346 | D:3      | Noticed Jessica
  1349 | D:3      | Killed Jessica
  1350 | D:3      | Reached skill level 2 in Short Blades
  1350 | D:3      | Reached XP level 4. HP: 30/35 MP: 4/4
  1400 | D:3      | Noticed Sigmund
  1410 | D:3      | Killed Sigmund
  1411 | D:3      | Reached skill level 4 in Short Blades
  1411 | D:3      | Reached skill level 5 in Dodging
  1411 | D:3      | Reached XP level 5. HP: 42/42 MP: 5/5
  1482 | D:3      | Noticed Grinder
  1495 | D:3      | Killed Grinder
  1496 | D:3      | Reached skill level 5 in Short Blades
  1496 | D:3      | Reached XP level 6. HP: 35/49 MP: 6/6
  1766 | D:3      | Reached XP level 7. HP: 54/55 MP: 7/7
  1979 | D:4      | Reached skill level 6 in Short Blades
  2343 | D:4      | Reached skill level 5 in Fighting
  2362 | D:4      | Reached skill level 1 in Shields
  2614 | D:4      | Reached skill level 7 in Short Blades
  2955 | D:4      | Found a white marble altar of Elyvilon.
  3165 | D:5      | Entered Level 5 of the Dungeon
  3301 | D:5      | Found a hide-covered altar of Uskayaw.
  3331 | D:5      | Reached XP level 8. HP: 45/63 MP: 8/8
  3564 | D:5      | Found a glowing golden altar of the Shining One.
  3869 | D:5      | Found a staircase to the Ecumenical Temple.
  3901 | Temple   | Entered the Ecumenical Temple
  4536 | D:6      | Found an opulent altar of Gozag.
  4561 | D:6      | Became a worshipper of Gozag Ym Sagoz the Greedy
  4599 | D:6      | Found a sand-covered staircase.
  4604 | Ossuary  | Entered an ossuary
  4687 | Ossuary  | Reached skill level 8 in Short Blades
  4917 | D:6      | HP: 1/64 [ice beast (13)]
  5174 | D:6      | Reached skill level 9 in Short Blades
  5282 | D:6      | Reached XP level 9. HP: 71/71 MP: 9/9
  5868 | D:7      | Noticed a hornet
  5879 | D:7      | Killed a hornet
  5880 | D:7      | Reached skill level 10 in Short Blades
  6009 | D:7      | Found a blossoming altar of Fedhas.
  6350 | D:7      | Reached skill level 5 in Throwing
  6481 | D:7      | Found a shimmering altar of Xom.
  6481 | D:7      | You fall into a shaft and drop 3 floors!
  6481 | D:10     | Entered Level 10 of the Dungeon
  6501 | D:10     | Found a runed translucent door.
  6501 | D:10     | Found a shimmering altar of Xom.
  6501 | D:10     | Noticed a +2 quarterstaff of chaos
  6501 | D:10     | Noticed Sensen's ghost (journeyman DjCA)
  6567 | D:10     | Reached skill level 11 in Short Blades
  6605 | D:10     | Reached XP level 10. HP: 51/80 MP: 10/10
  6615 | D:10     | Reached skill level 10 in Dodging
  6999 | D:10     | Reached skill level 12 in Short Blades
  7151 | D:8      | Found a shadowy altar of Dithmenos.
  7662 | D:8      | Found a broken altar of Ashenzari.
  8151 | D:8      | Found a sacrificial altar of Ru.
  8152 | D:8      | Found an iron altar of Okawaru.
  8154 | D:8      | Found a radiant altar of Vehumet.
  8316 | D:8      | Found an ancient bone altar of Kikubaaqudgha.
  8804 | D:9      | Found a snail-covered altar of Cheibriados.
  8877 | D:9      | Reached skill level 13 in Short Blades
  8938 | D:9      | Found a staircase to the Lair.
  9230 | D:9      | Reached XP level 11. HP: 62/89 MP: 11/11
  9238 | D:9      | Reached skill level 5 in Shields
  9507 | D:9      | Noticed a cyclops
  9531 | D:9      | Killed a cyclops
  9644 | D:9      | Reached skill level 14 in Short Blades
 10054 | Lair:1   | Entered Level 1 of the Lair of Beasts
 10377 | Lair:1   | Reached skill level 10 in Fighting
 11186 | Lair:1   | Reached skill level 15 in Short Blades
 11818 | Lair:2   | Found a runed translucent gate.
 11818 | Lair:2   | Found a runed translucent gate.
 11818 | Lair:2   | Found a runed translucent gate.
 12018 | Lair:2   | Noticed a great orb of eyes
 12019 | Lair:2   | Found a viscous altar of Jiyva.
 12019 | Lair:2   | Noticed disskorpion's ghost (novice TrFi)
 12234 | Lair:2   | Reached XP level 12. HP: 72/100 MP: 12/12
 12623 | Lair:3   | Reached skill level 16 in Short Blades
 12858 | Lair:3   | Found a staircase to the Snake Pit.
 13450 | Lair:3   | Found a staircase to the Swamp.
 13450 | Lair:3   | Noticed a ghost crab
 13648 | Lair:3   | Killed a ghost crab
 13868 | Lair:3   | Bought a runed dagger for 100 gold pieces
 13868 | Lair:3   | Bought a runed dagger for 100 gold pieces
 13868 | Lair:3   | Bought a glowing dagger for 100 gold pieces
 14064 | Lair:4   | Noticed a six-headed hydra
 14064 | Lair:4   | Found a frozen archway.
 14394 | Lair:4   | Reached skill level 15 in Dodging
 14806 | Lair:4   | Killed a six-headed hydra
 14807 | Lair:4   | Reached XP level 13. HP: 26/109 MP: 13/13
 14828 | Lair:3   | Reached skill level 17 in Short Blades
 16183 | Lair:4   | Found a runed translucent door.
 16184 | Lair:4   | Found a viscous altar of Jiyva.
 16184 | Lair:4   | Found a staircase to the Slime Pits.
 16185 | Lair:4   | Noticed an acid blob
 16185 | Lair:4   | Noticed an acid blob
 16676 | Lair:4   | Demolished by an acid blob

Illustrated notes

Levels and vault maps discovered:
D:1:      lightli_arrival_farm, layout_basic
D:2:      layout_rooms, serial_shops, nicolae_shop_back_alley_shop
D:3:      layout_rooms, grunt_decor_fettered, uniq_grinder, uniq_sigmund,
          uniq_jessica
D:4:      layout_basic, amcnicky_altar_gilded, minmay_curled_crystal,
          minmay_fractal_squares_5
D:5:      layout_gridville, nicolae_tso_swordbearing_angel,
          nicolae_uskayaw_dance_hall, minmay_temple_entry_mist
D:6:      layout_gridville, mainiacjoe_overflow_brackets, enter_ossuary_2
D:7:      layout_rooms, mainiacjoe_overflow_surrounded_room,
          fedhas_ov_isle_minmay
D:8:      layout_gridville, nicolae_ashenzari_panopticon,
          nicolae_dithmenos_through_a_glass_darkly,
          mainiacjoe_overflow_alcove_1, minitemple
D:9:      layout_long_grid, overflow_temple_1_default, erik_lair_island
D:10:     layout_basic, kennysheep_mini_moat, ebering_ghost_xom, uniq_urug
Temple:   hellmonk_temple_of_storms
Lair:1:   layout_chaotic_city, infiniplex_staircase_pool
Lair:2:   layout_misc_corridors, gammafunk_ghost_ooze
Lair:3:   layout_long_grid, nicolae_swamp_entry_spooky,
          minmay_snake_entry_guardpost_small, lemuel_fruit_tree
Lair:4:   beast_lair_carwin_large_4, layout_regular_city, slime_entry_2,
          portal_ice_cave_entry_ice_simulacra, chequers_serial_rivers_large_b,
          columned_hall_lemuel

Skill      XL: |  1  2  3  4  5  6  7  8  9 10 11 12 13 |
---------------+----------------------------------------+-----
Long Blades    | 4 |  4.1
Short Blades   | 2 4 5 7 9 11 13 15 16 17 | 17.6
Fighting       | 3 4 5 6 8 9 11 12 13 | 13.4
Dodging        | 5 6 7 8 9 11 13 15 16 | 16.0
Throwing       | 3 4 5 6 |  6.0
Shields        | 1 2 3 4 6 |  6.0

Action                     |  1- 3 |  4- 6 |  7- 9 | 10-12 | 13-15 || total
---------------------------+-------+-------+-------+-------+-------++-------
  Melee: Long sword        |    61 |       |       |       |       ||    61
         Dagger            |    24 |    33 |   396 |   642 |    65 ||  1160
         Double sword      |       |       |    91 |   307 |   121 ||   519
         Tailslap          |       |       |       |     9 |       ||     9
  Throw: Throwing net      |       |     5 |     5 |     1 |       ||    11
         Javelin           |       |       |     1 |     4 |       ||     5
         Boomerang         |       |       |    80 |    15 |       ||    95
         Dart              |       |       |       |    13 |       ||    13
 Invoke: Call Merchant     |       |       |       |     2 |       ||     2
    Use: Scroll            |     7 |       |    15 |     8 |       ||    30
         Potion            |       |       |     5 |     6 |     3 ||    14
   Stab: Sleeping          |     1 |       |     3 |     1 |       ||     5
         Held in net/web   |       |     1 |     1 |       |       ||     2
         Distracted        |       |       |     4 |     3 |     2 ||     9
 Armour: Leather armour    |    26 |     6 |    43 |    92 |    14 ||   181
         Skin              |       |       |    10 |     1 |       ||    11
  Dodge: Dodged            |    69 |     7 |   151 |   573 |   117 ||   917
  Block: Buckler           |       |       |    86 |   408 |   103 ||   597
         Reflection        |       |       |       |     2 |       ||     2
